 Dungeon Crawl Stone Soup version 0.25.0-11-g1f837a76a1 (webtiles) character file.

Game seed: 9558742763805983945

3917 MisterFreud the Carver (level 10, -6/83 HPs)
             Began as a Minotaur Fighter on June 27, 2020.
             Mangled by an orc knight
             ... wielding a +0 war axe
              (20 damage)
             ... on level 8 of the Dungeon.
             The game lasted 00:11:15 (8879 turns).

MisterFreud the Carver (Minotaur Fighter)           Turns: 8879, Time: 00:11:15

Health: -6/83      AC: 17    Str: 21    XL:     10   Next: 1%
Magic:  9/9        EV:  5    Int:  6    God:
Gold:   413        SH: 11    Dex: 12    Spells: 9/9 levels left

rFire    . . .     SeeInvis .   a - +0 long sword
rCold    . . .     Gourm    .   c - +0 kite shield
rNeg     + . .     Faith    .   v - +0 plate armour
rPois    +         Spirit   .   (helmet restricted)
rElec    .         Reflect  .   M - +0 cloak
rCorr    .         Harm     .   (no gloves)
MR       .....                  i - +1 pair of boots
Stlth    ..........             (no amulet)
HPRegen  0.23/turn              y - ring of poison resistance
MPRegen  0.11/turn              w - ring of positive energy

@: no status effects
A: retaliatory headbutt, horns 2
a: no special abilities


You were on level 8 of the Dungeon.
You were very hungry.

You visited 1 branch of the dungeon, and saw 8 of its levels.
You also visited: Sewer and Bailey.

You collected 588 gold pieces.
You spent 175 gold pieces at shops.

Inventory:

Hand Weapons
 a - a +0 long sword (weapon)
Missiles
 n - 2 throwing nets (quivered)
 u - 7 datura-tipped darts
 z - 24 poisoned darts
 G - 49 boomerangs
 O - 5 javelins
Armour
 c - a +0 kite shield (worn)
 i - a +1 pair of boots (worn)
 v - a +0 plate armour (worn)
 M - a +0 cloak (worn)
Jewellery
 l - an uncursed ring of protection from cold
 w - a ring of positive energy (right hand)
 y - a ring of poison resistance (left hand)
 H - an uncursed ring of magical power
 J - an uncursed ring of positive energy
Wands
 B - a wand of random effects (20)
 I - a wand of iceblast (3)
 L - a wand of digging (5)
 N - a wand of flame (28)
Scrolls
 b - a scroll of magic mapping {unknown}
 e - 8 scrolls of teleportation {unknown}
 g - 5 scrolls of remove curse {unknown}
 k - 17 scrolls of identify
 m - 3 scrolls of immolation {unknown}
 o - 4 scrolls of fear
 p - 2 scrolls of enchant armour {unknown}
 q - a scroll of enchant weapon {unknown}
 x - a scroll of blinking {unknown}
 A - 3 scrolls of noise {unknown}
 C - a scroll of torment {unknown}
Potions
 d - 7 potions of might
 h - 3 potions of curing
 j - 2 potions of haste {unknown}
 r - 12 potions of heal wounds {unknown}
 s - a potion of magic {unknown}
 t - a potion of ambrosia {unknown}
 D - 3 potions of flight {unknown}
 E - 2 potions of stabbing {unknown}
 F - a potion of invisibility {unknown}
 K - a potion of brilliance
 P - 3 potions of mutation {unknown}
Comestibles
 f - 16 rations


   Skills:
 - Level 6.0 Fighting
 + Level 13.0 Long Blades
 - Level 8.0 Armour
 - Level 8.0 Shields


You had 9 spell levels left.
You didn't know any spells.
Your spell library was empty.

Dungeon Overview and Level Annotations

Branches:
Dungeon (8/15)             Temple (0/1) D:5           Sewer (visited)
 Bailey (visited)
   Lair: D:8-11

Altars:
Ashenzari
Cheibriados
Elyvilon
Fedhas
Kikubaaqudgha
Makhleb
Nemelex Xobeh
Okawaru
Ru
Trog
Wu Jian
Yredelemnul
The Shining One

Shops:
D:6 *


Innate Abilities, Weirdness & Mutations

You reflexively headbutt those who attack you in melee.
You have a pair of horns on your head.


Message History

There is an open door here.
There is an open door here.
The orc knight hits you but does no damage.
You see here 6 boomerangs.
Things that are here:
a +3 halberd of electrocution; a +1 halberd of electrocution
There is an open door here.
There is an open door here.
You see here a +0 halberd of electrocution.
You see here a +0 halberd.
There is an open door here.
There is a gate leading back out of this place here.
The orc knight hits you with a +0 war axe!
* * * LOW HITPOINT WARNING * * *
Welcome back to the Dungeon!
There is an empty arch of ancient stone here.
A quasit comes into view.
The quasit gives a chilling moan.
The orc knight hits you with a +0 war axe!!
You die...

#............#
#.....$......#
#8....∩....8#
#...........#
#.......(...#
#..8.....8..#
#.##.....8.....# ####
#..!5o.#.####.#####...
#####@.#.# #......)..
#..#.# ##.####...
#..#.# #.# #... #.....
..# #... #.##.. ####
#... #.# .. #..# #.#
.. #..# #.# .##
.###... #.......


You could see an orc knight and a quasit.

Vanquished Creatures
  Maggie (D:6)
  Grinder (D:3)
  A hippogriff (D:8)
  A spriggan (D:7)
  Eustachio (D:4)
  An ice beast (D:6)
  2 orc warriors (D:6)
  2 sky beasts (D:7)
  2 centaurs (D:7)
  4 ogres
  A crocodile (D:4)
  4 bullfrogs
  3 big kobolds (Sewer)
  2 scorpions
  3 killer bees
  2 vampire bats (D:2)
  3 crimson imps
  A centaur zombie (D:6)
  2 orc priests (D:6)
  A jelly (D:8)
  Crazy Yiuf (D:6)
  3 orc wizards
  A bullfrog zombie (D:7)
  3 hounds
  A centaur skeleton (D:4)
  2 iguanas
  8 worker ants
  Robin (D:2)
  13 gnolls
  A river rat (Sewer)
  6 adders
  A shadow imp (D:6)
  An ooze (D:2)
  2 adder zombies (D:7)
  2 adder skeletons
  3 worms
  A dart slug (D:2)
  3 leopard geckos
  26 orcs
  6 bat skeletons (D:2)
  6 giant cockroaches
  13 goblins
  18 hobgoblins
  8 jackals
  30 kobolds
  4 quokkas
  10 ball pythons
  12 bats
  3 frilled lizards
  A leopard gecko skeleton (D:6)
  40 rats
268 creatures vanquished.

Notes
Turn   | Place    | Note
-------+----------+-------------------------------------------
     0 | D:1      | MisterFreud the Minotaur Fighter began the quest for the
                  | Orb.
     0 | D:1      | Reached XP level 1. HP: 19/19 MP: 0/0
     0 | D:1      | Noticed an elf
     3 | D:1      | Noticed a felid
     4 | D:1      | Noticed a minotaur
     4 | D:1      | Noticed a human
     7 | D:1      | Noticed an octopode
     8 | D:1      | Noticed a dwarf
     9 | D:1      | Noticed a spriggan
    11 | D:1      | Noticed an octopode
    13 | D:1      | Noticed a human
    14 | D:1      | Noticed a dwarf
    15 | D:1      | Noticed a gargoyle
    15 | D:1      | Noticed a vampire
    17 | D:1      | Noticed an elf
    17 | D:1      | Noticed a draconian
    19 | D:1      | Noticed a formicid
    21 | D:1      | Noticed a gargoyle
   148 | D:1      | Reached skill level 3 in Long Blades
   165 | D:1      | Reached XP level 2. HP: 26/26 MP: 1/1
   520 | D:1      | Reached skill level 4 in Long Blades
   684 | D:1      | Reached XP level 3. HP: 28/31 MP: 2/2
   806 | D:2      | Noticed Robin
   832 | D:2      | Killed Robin
   832 | D:2      | Reached skill level 5 in Long Blades
   853 | D:2      | Reached XP level 4. HP: 24/39 MP: 3/3
  1101 | D:2      | Found a glowing golden altar of the Shining One.
  1444 | D:2      | Found an ancient bone altar of Kikubaaqudgha.
  1453 | D:2      | Reached skill level 6 in Long Blades
  1467 | D:2      | Reached XP level 5. HP: 38/45 MP: 4/4
  1870 | D:3      | Noticed Grinder
  1883 | D:3      | Killed Grinder
  1883 | D:3      | Reached skill level 8 in Long Blades
  1883 | D:3      | Reached XP level 6. HP: 40/52 MP: 5/5
  2301 | D:3      | Found a snail-covered altar of Cheibriados.
  2515 | D:3      | Found a sparkling altar of Nemelex Xobeh.
  2730 | D:4      | Found an iron altar of Okawaru.
  2959 | D:4      | Found a blossoming altar of Fedhas.
  2973 | D:4      | Noticed Eustachio
  2974 | D:4      | Found a glowing drain.
  3020 | D:4      | Reached skill level 5 in Fighting
  3020 | D:4      | Reached XP level 7. HP: 44/61 MP: 6/6
  3031 | D:4      | Killed Eustachio
  3031 | D:4      | Reached skill level 9 in Long Blades
  3048 | Sewer    | Entered a sewer
  3488 | Sewer    | Reached skill level 10 in Long Blades
  3557 | Sewer    | Reached XP level 8. HP: 70/70 MP: 7/7
  3927 | D:4      | Found a bloodstained altar of Trog.
  4539 | D:5      | Entered Level 5 of the Dungeon
  4606 | D:5      | Reached skill level 11 in Long Blades
  4662 | D:5      | Found a staircase to the Ecumenical Temple.
  4954 | D:5      | Found a basalt altar of Yredelemnul.
  4994 | D:5      | Found an ornate altar of the Wu Jian Council.
  4995 | D:5      | Found a burning altar of Makhleb.
  5394 | D:6      | Reached skill level 5 in Armour
  5394 | D:6      | Reached skill level 5 in Shields
  5685 | D:6      | Found Doareon's General Store.
  5716 | D:6      | Bought a scroll of fear for 49 gold pieces
  5716 | D:6      | Bought a scroll of identify for 28 gold pieces
  5716 | D:6      | Bought a potion of curing for 42 gold pieces
  5716 | D:6      | Bought a potion of brilliance for 56 gold pieces
  5764 | D:6      | Noticed Maggie
  5783 | D:6      | Killed Maggie
  5910 | D:6      | Found a shattered altar of Ashenzari.
  6037 | D:6      | Reached XP level 9. HP: 75/75 MP: 8/8
  6050 | D:6      | Found a runed translucent door.
  6051 | D:6      | Noticed Crazy Yiuf
  6321 | D:6      | Killed Crazy Yiuf
  7835 | D:7      | Reached skill level 12 in Long Blades
  7910 | D:7      | Found a sacrificial altar of Ru.
  8149 | D:8      | Found a white marble altar of Elyvilon.
  8211 | D:8      | Found a flagged portal.
  8223 | Bailey   | Entered a bailey
  8420 | Bailey   | Reached XP level 10. HP: 47/83 MP: 9/9
  8828 | Bailey   | Reached skill level 13 in Long Blades
  8830 | Bailey   | Noticed an orc knight
  8879 | D:8      | Mangled by an orc knight

Illustrated notes

Levels and vault maps discovered:
D:1:      shiori_arrival_whats_in_store_for_you, layout_basic
D:2:      layout_loops_cross, kennysheep_vampire_church,
          nicolae_tso_swordbearing_angel, uniq_robin
D:3:      layout_loops_corners, nemelex_xobeh_ov_fountains_minmay,
          old_standard_altar, uniq_grinder
D:4:      kennysheep_six_static_rooms, layout_loops_ring, lemuel_round_altar,
          okawaru_trees_1, lemuel_crystal_altar, portal_sewer_entry_a,
          first_ration, kennysheep_path_1, uniq_eustachio
D:5:      layout_basic, nicolae_overflow_crystal_walls,
          gammafunk_temple_overflow_pools, minmay_temple_entry_wispy
D:6:      layout_basic, evilmike_ruin_ashenzari, serial_shops, shop,
          uniq_maggie, uniq_crazy_yiuf_cottage
D:7:      layout_cave_pools, lemuel_round_altar, the_bakery
D:8:      layout_loops_ring, elyvilon_altar_3, enter_bailey_6

Skill      XL: |  1  2  3  4  5  6  7  8  9 10 |
---------------+-------------------------------+-----
Long Blades    | 3 4 5 6 8 10 11 12 13 | 13.0
Fighting       | 4 5 6 |  6.0
Armour         | 6 8 |  8.0
Shields        | 6 8 |  8.0

Action                   |  1- 3 |  4- 6 |  7- 9 | 10-12 || total
-------------------------+-------+-------+-------+-------++-------
Melee: Long sword        |   106 |   151 |   542 |    37 ||   836
       Headbutt          |    18 |    14 |    86 |     8 ||   126
  Eat: Chunk             |       |     7 |    18 |       ||    25
Armor: Scale mail        |    41 |    53 |       |       ||    94
       Plate armour      |       |    32 |   341 |    19 ||   392
Dodge: Dodged            |    25 |    44 |   101 |     7 ||   177
Block: Kite shield       |    42 |    82 |   315 |    39 ||   478
       Rpst.: Long sword |     7 |    10 |    31 |       ||    48
